 Dungeon Crawl Stone Soup version 0.29.1-1-gd02db6906a (webtiles) character file.

Game seed: 10142230295523755257

3486 Bloodgem the Protected (level 9, 0/82 HPs)
             Began as a Minotaur Fighter on Oct 20, 2022.
             Was a Priest of Okawaru.
             Slain by a yak (7 damage)
             ... on level 8 of the Dungeon.
             The game lasted 00:16:38 (7419 turns).

Bloodgem the Protected (Minotaur Fighter)           Turns: 7419, Time: 00:16:39

Health: 0/82       AC: 17    Str: 24    XL:     9   Next: 79%
Magic:  8/8        EV:  7    Int:  5    God:    Okawaru [***...]
Gold:   462        SH:  6    Dex: 11    Spells: 8/8 levels left

rFire   . . .      SeeInvis .   a - +0 war axe
rCold   . . .      Faith    .   c - +0 buckler
rNeg    . . .      Spirit   .   x - +0 plate armour
rPois   +          Reflect  .   (helmet restricted)
rElec   .          Harm     .   r - +1 cloak {rPois}
rCorr   .          Rampage  .   (no gloves)
Will    .....                   (no boots)
Stlth   ..........              f - amulet of the acrobat
HPRegen 0.23/turn               (no ring)
MPRegen 0.11/turn               (no ring)

@: no status effects
A: horns 2, retaliatory headbutt
a: Renounce Religion, Heroism


You were on level 8 of the Dungeon.
You worshipped Okawaru.
Okawaru was most pleased with you.
You visited 2 branches of the dungeon, and saw 9 of its levels.

You collected 462 gold pieces.

Inventory:

Hand Weapons
 a - a +0 war axe (weapon)
 F - a +3 flail of protection
Missiles
 v - 12 poisoned darts (quivered)
Armour
 c - a +0 buckler (worn)
 r - a +1 cloak of poison resistance (worn)
 x - a +0 plate armour (worn)
 I - the +4 skin of Zhor {*Englaciate rC+++ SInv}
   (You found it on level 7 of the Dungeon)

   It radiates cold, occasionally slowing all nearby creatures who are not
   resistant to cold.
   rC:        It renders you almost immune to cold.
   SInv:      It lets you see invisible.
Jewellery
 f - an amulet of the acrobat (around neck)
 B - a ring of fire
 E - a ring of resist corrosion
Wands
 t - a wand of polymorph (7)
 G - a wand of flame (31)
Scrolls
 b - a scroll of amnesia {unknown}
 g - 6 scrolls of teleportation {unknown}
 i - 6 scrolls of identify {unknown}
 j - 2 scrolls of enchant weapon {unknown}
 l - 3 scrolls of fear {unknown}
 n - 2 scrolls of magic mapping {unknown}
 u - 2 scrolls of blinking {unknown}
 w - a scroll of enchant armour {unknown}
 y - 2 scrolls of immolation {unknown}
 A - a scroll of vulnerability {unknown}
 J - 2 scrolls of poison {unknown}
Potions
 d - 2 potions of might
 e - a potion of lignification {unknown}
 h - 4 potions of curing
 k - a potion of resistance {unknown}
 m - a potion of attraction {unknown}
 o - a potion of invisibility {unknown}
 p - a potion of haste {unknown}
 q - 2 potions of berserk rage {unknown}
 s - 4 potions of heal wounds {unknown}
 z - a potion of brilliance {unknown}
 C - a potion of flight {unknown}
 D - 4 potions of degeneration {unknown}
 H - a potion of cancellation {unknown}


   Skills:
 + Level 8.4 Fighting
 + Level 8.1 Axes
 * Level 10.9 Armour
 + Level 8.5 Shields


You had 8 spell levels left.
You didn't know any spells.
Your spell library contained the following spells:

 Spells                   Type           Power      Damage    Failure   Level
 Apportation              Tloc           0%         N/A       100%        1
 Necrotise                Necr           0%         1d4       100%        1
 Sandblast                Erth           0%         2d4       100%        1
 Shock                    Conj/Air       0%         1d3       100%        1
 Passwall                 Tmut/Erth      0%         N/A       100%        2
 Stone Arrow              Conj/Erth      0%         3d7       100%        3
 Swiftness                Air            0%         N/A       100%        3
 Airstrike                Air            0%         2d(0-16)  100%        4
 Passage of Golubria      Tloc           0%         N/A       100%        4
 Yara's Violent Unravell  Hex/Tmut       0%         3d3       100%        5
 Summon Small Mammal      Summ           Unusable   N/A       N/A         1
 Tukima's Dance           Hex            Unusable   N/A       N/A         3

Dungeon Overview and Level Annotations

Branches:
Dungeon (8/15)             Temple (1/1) D:5
   Lair: D:8-11

Altars:
Ashenzari
Cheibriados
Dithmenos
Elyvilon
Fedhas
Hepliaklqana
Kikubaaqudgha
Makhleb
Nemelex Xobeh
Okawaru
Qazlal
Ru
Sif Muna
Trog
Uskayaw
Vehumet
Wu Jian
Xom
Yredelemnul
The Shining One

Shops:
D:1 [   D:7 :

Annotations:
D:4 2 transporters, Plopball's ghost, novice KoFi


Innate Abilities, Weirdness & Mutations

You have a pair of horns on your head.
You reflexively headbutt those who attack you in melee.


Message History

The yak is moderately wounded.
The yak completely misses you.
You barely miss the yak.
The yak is moderately wounded.
The yak gores you but does no damage.
You slash the yak!
The yak is heavily wounded.
You block the yak's attack.
You barely miss the yak. Your headbutt misses the yak.
The yak is heavily wounded.
You block the yak's attack. The yak barely misses you. You furiously retaliate!
You headbutt the yak, but do no damage. You slash the yak!
Your headbutt misses the yak.
The yak is severely wounded.
The yak gores you!
* * * LOW HITPOINT WARNING * * *
You hit the yak.
The yak is severely wounded.
You block the yak's attack.
You slash the yak!
You kill the yak!
Okawaru accepts your kill.
You hit the yak. You headbutt the yak, but do no damage.
The yak is lightly wounded.
The yak gores you!
* * * LOW HITPOINT WARNING * * *
You slash the yak!
The yak is moderately wounded.
The yak gores you.
* * * LOW HITPOINT WARNING * * *
You barely miss the yak. Your headbutt misses the yak.
The yak is moderately wounded.
The yak gores you but does no damage.
You barely miss the yak. You headbutt the yak.
The yak is moderately wounded.
The yak gores you but does no damage.
You slash the yak!
The yak is severely wounded.
The yak gores you!
You die...

##
#...........#
.#
###########.#
.# #.# #.#
#.# #.# #.#
#.# #@# #Y#
#.# >.# ##.#
##. . #


You could see a yak.

Vanquished Creatures
  5 yaks (D:8)
  A wraith (D:8)
  Edmund (D:6)
  3 water moccasins (D:7)
  An orc warrior (D:8)
  2 ice beasts (D:6)
  4 black bears
  An ogre (D:5)
  2 phantoms
  A bullfrog (D:8)
  4 wights (D:8)
  10 killer bees
  A howler monkey (D:6)
  Crazy Yiuf (D:2)
  A jelly (D:8)
  A gnoll bouda (D:7)
  Natasha (thrice) (D:2)
  3 iguanas
  2 orc wizards
  15 gnolls
  6 adders
  A worm (D:2)
  20 orcs
  5 ball pythons
  4 bats
  5 endoplasms
  2 giant cockroaches
  9 goblins
  4 hobgoblins
  7 jackals
  4 kobolds
  3 quokkas
  2 frilled lizards
  5 rats
139 creatures vanquished.

Vanquished Creatures (others)
  4 withered plants (D:2)
4 creatures vanquished.

Grand Total: 143 creatures vanquished

Notes
Turn   | Place    | Note
-------+----------+-------------------------------------------
     0 | D:1      | Bloodgem the Minotaur Fighter began the quest for the Orb.
     0 | D:1      | Reached XP level 1. HP: 19/19 MP: 0/0
   289 | D:1      | Reached XP level 2. HP: 27/27 MP: 1/1
   453 | D:1      | Found Nifeut's Armour Shoppe.
   454 | D:1      | Reached skill level 4 in Armour
   691 | D:2      | Reached XP level 3. HP: 33/33 MP: 2/2
   941 | D:2      | Noticed Natasha
   946 | D:2      | Killed Natasha
   947 | D:2      | Reached XP level 4. HP: 38/41 MP: 3/3
  1244 | D:2      | Found a runed translucent door.
  1245 | D:2      | Noticed Crazy Yiuf
  1281 | D:2      | Killed Crazy Yiuf
  1281 | D:2      | HP: 1/39 [poisoned by Crazy Yiuf]
  1577 | D:2      | Noticed Natasha
  1579 | D:2      | Found a faded altar of an unknown god.
  1583 | D:2      | Killed Natasha
  1584 | D:2      | Reached XP level 5. HP: 46/47 MP: 4/4
  1634 | D:2      | Noticed Natasha
  1643 | D:2      | Killed Natasha
  1823 | D:3      | Reached skill level 5 in Armour
  1942 | D:3      | Reached skill level 5 in Fighting
  1942 | D:3      | Reached skill level 5 in Shields
  2241 | D:3      | Found a white marble altar of Elyvilon.
  2624 | D:4      | Reached XP level 6. HP: 56/56 MP: 5/5
  2782 | D:4      | Found a transporter.
  2785 | D:4      | Noticed Plopball's ghost (novice KoFi)
  2787 | D:4      | Found a transporter.
  3171 | D:5      | Entered Level 5 of the Dungeon
  3572 | D:5      | Reached skill level 6 in Armour
  3758 | D:5      | Reached skill level 5 in Axes
  3758 | D:5      | Reached XP level 7. HP: 38/61 MP: 6/6
  3943 | D:5      | Found a glowing golden altar of the Shining One.
  3951 | D:5      | Became a worshipper of the Shining One
  4277 | D:5      | Found a staircase to the Ecumenical Temple.
  4283 | Temple   | Entered the Ecumenical Temple
  4587 | Temple   | Fell from the grace of the Shining One
  4587 | Temple   | Became a worshipper of Warmaster Okawaru
  4933 | D:6      | Reached skill level 7 in Armour
  5035 | D:6      | Reached XP level 8. HP: 66/70 MP: 7/7
  5043 | D:6      | Reached * piety under Okawaru
  5060 | D:6      | Reached skill level 8 in Armour
  5187 | D:6      | Found an ancient bone altar of Kikubaaqudgha.
  5245 | D:6      | Noticed Edmund
  5259 | D:6      | Killed Edmund
  5934 | D:7      | Reached ** piety under Okawaru
  5935 | D:7      | Reached skill level 9 in Armour
  6226 | D:7      | Found the +4 skin of Zhor {*Englaciate rC+++ SInv}
  6240 | D:7      | Reached XP level 9. HP: 48/79 MP: 8/8
  6667 | D:7      | Found Xuihy's Book Shoppe.
  6991 | D:8      | Reached *** piety under Okawaru
  6992 | D:8      | Reached skill level 10 in Armour
  7419 | D:8      | Slain by a yak

Illustrated notes

Levels and vault maps discovered:
D:1:      dpeg_arrival_rooms_a, layout_basic, serial_shops, shop
D:2:      layout_loops_ring, ebering_ecumenical_altar_petrified,
          uniq_crazy_yiuf_cottage, uniq_natasha
D:3:      layout_rooms, elyvilon_altar_5, supply_closet_lemuel,
          grunt_ministairs_13
D:4:      layout_basic, gammafunk_ghost_smash, minmay_misc_feat_tower,
          minivault_27, chequers_arboretum
D:5:      layout_basic, nicolae_overflow_crystal_walls,
          minmay_temple_entry_enclosed_plants
D:6:      layout_basic, lemuel_doored_altar, uniq_edmund
D:7:      layout_cave_pools, serial_shops, shop
D:8:      layout_loops_ring, hangedman_decor_clover_reticule,
          nicolae_elevator_lobby_asterisk
Temple:   minmay_temple_bridge_d

Skill      XL: |  1  2  3  4  5  6  7  8  9 |
---------------+----------------------------+-----
Armour         | 4 5 6 7 9 10 | 10.9
Fighting       | 4 5 6 7 8 |  8.4
Axes           | 3 4 5 6 8 |  8.1
Shields        | 4 5 6 7 8 |  8.5

Action                   |  1- 3 |  4- 6 |  7- 9 || total
-------------------------+-------+-------+-------++-------
Melee: War axe           |    46 |   124 |   247 ||   417
       Headbutt          |     5 |    16 |    48 ||    69
  Use: Potion            |       |     1 |       ||     1
Armor: Scale mail        |    14 |    22 |       ||    36
       Plate armour      |       |    41 |   182 ||   223
Dodge: Dodged            |    31 |    58 |   122 ||   211
Block: Buckler           |     7 |    28 |    85 ||   120
